 Dungeon Sprint DCSS version 0.31-a0-700-gf13585253f (webtiles) character file.

Game seed: 14405186612396215981

906 sircluck the Grappler (level 7, -1/81 HPs)
             Began as a Troll Berserker on Sept 7, 2023.
             Was a Priest of Trog.
             Slain by a white imp (5 damage)
             ... summoned by a kobold demonologist
             ... in the Dungeon (Sprint I: "Red Sonja").
             The game lasted 00:01:18 (233 turns).

sircluck the Grappler (Troll Berserker)              Turns: 233, Time: 00:01:19

Health: -1/81      AC:  4    Str: 28    XL:     7   Next: 81%
Magic:  6/6        EV: 12    Int:  3    God:    Trog [***...]
Gold:   405        SH:  0    Dex:  9    Spells: 6/6 levels left

rFire   . .          .
                       - Unarmed
rCold   . . .        (no shield)
rNeg    . . .        a - +0 animal skin
rPois   .            (helmet restricted)
rElec   .            (no cloak)
rCorr   .            (gloves unavailable)
SInv    .            (boots unavailable)
Will    .....        (no amulet)
Stlth   +            (no ring)
HPRegen 1.13/turn    (no ring)
MPRegen 0.10/turn

%: no teleportation
@: no status effects
A: large, unfitting armour, claws 3, regeneration 1, shaggy fur 1, tough skin 1
a: Renounce Religion, Berserk, Trog's Hand


You were in the Dungeon.
You worshipped Trog.
Trog was most pleased with you.
You visited 1 branch You collected 405 gold pieces.

Inventory:

Missiles
 i - 5 stones
Armour
 a - a +0 animal skin (worn)
Wands
 h - a wand of polymorph (6)
Scrolls
 g - a scroll of blinking
Potions
 b - a potion of curing
 c - a potion of heal wounds
 d - a potion of haste
 e - 2 potions of magic
 f - a potion of berserk rage


   Skills:
 + Level 8.8 Fighting
 + Level 8.7 Dodging
 + Level 10.4 Unarmed Combat


You had 6 spell levels left.
You didn't know any spells.
Your spell library was empty.

Dungeon Overview and Level Annotations

Branches:
Dungeon (1/1)

Altars:
Cheibriados
Dithmenos
Elyvilon
Fedhas
Gozag
Hepliaklqana
Kikubaaqudgha
Makhleb
Nemelex Xobeh
Okawaru
Qazlal
Ru
Sif Muna
Trog
Uskayaw
Vehumet
Wu Jian
Xom
Yredelemnul
Zin
The Shining One
Jiyva
Lugonu

Shops:
D =


Innate Abilities, Weirdness & Mutations

You are too large for most types of armour.
You have claws for hands.
Your natural rate of healing is unusually fast.
You are covered in fur. (AC +1)
You have tough skin. (AC +1)


Message History

Trog accepts your kill.
Your Fighting skill increases to level 8!
Your Dodging skill increases to level 8!
Unknown command.
Unknown command.
You mangle the kobold demonologist!!
The kobold demonologist is severely wounded.
The kobold demonologist hits you with a +3 dagger!
The shadow imp hits you.
You scratch the kobold demonologist but do no damage.
The kobold demonologist is severely wounded.
The kobold demonologist casts a spell.
The kobold demonologist mumbles some strange words.
The shadow imp hits you.
You miss the kobold demonologist.
The kobold demonologist is severely wounded.
The kobold demonologist casts a cantrip, but nothing happens.
You closely miss the kobold demonologist.
You claw the kobold demonologist!
You kill the kobold demonologist!
Trog accepts your kill.
Trog appreciates your killing of a magic user.
The iron imp disappears in a puff of smoke!
The shadow imp hits you.
The white imp grins evilly.
Your Unarmed Combat skill increases to level 10!
You mangle the shadow imp!!
You kill the shadow imp!
The shadow imp disappears in a puff of smoke!
The sun demon hits you.
You are engulfed in flames!!
The sun demon hits you!!
* * * LOW HITPOINT WARNING * * *
You are engulfed in flames!
* * * LOW HITPOINT WARNING * * *
The kobold demonologist hits you with a +0 dagger.
* * * LOW HITPOINT WARNING * * *
The white imp hits you.
* * * LOW HITPOINT WARNING * * *
The white imp freezes you.
You die...

####################
').#.)'..#__#..'@K.#
#..'..#..'..'..#35.#
##'#####'#__####5..+
#..#...#.#### #####
####..##[#
___##'#_.+
∩...†..._#
.__##_.#'#
___###+#.#


You could see a sun demon (summoned), a kobold demonologist and 2 white imps.

Vanquished Creatures
  A kobold demonologist (D)
  A slime creature (D)
  A yak (D)
  A fire bat (D)
  A floating eye (D)
  A jelly (D)
  An iguana (D)
  Ijyb (D)
8 creatures vanquished.

Notes
Turn   | Place    | Note
-------+----------+-------------------------------------------
     0 | D        | sircluck the Troll Berserker began the quest for the Orb.
     0 | D        | Reached XP level 1. HP: 22/22 MP: 0/0
     1 | D        | Noticed Ijyb
    33 | D        | Killed Ijyb
    34 | D        | Reached skill level 4 in Unarmed Combat
    34 | D        | Reached XP level 2. HP: 26/32 MP: 1/1
    38 | D        | Noticed an ogre
    39 | D        | an ogre changed into a fire bat
    39 | D        | Noticed a fire bat
    44 | D        | Killed a fire bat
    45 | D        | Reached skill level 5 in Fighting
    45 | D        | Reached skill level 5 in Dodging
    45 | D        | Reached skill level 6 in Unarmed Combat
    45 | D        | Reached XP level 3. HP: 12/44 MP: 2/2
    45 | D        | Reached XP level 4. HP: 15/52 MP: 3/3
    45 | D        | Reached XP level 5. HP: 17/59 MP: 4/4
    98 | D        | Noticed Sigmund
   102 | D        | Sigmund changed into Sigmund the adder
   102 | D        | Noticed Sigmund
   103 | D        | Sigmund the adder changed into Sigmund the iguana
   103 | D        | Noticed Sigmund
   107 | D        | Killed Sigmund the iguana
   107 | D        | Reached ** piety under Trog
   108 | D        | Reached skill level 7 in Unarmed Combat
   122 | D        | Found an ornate altar of the Wu Jian Council.
   122 | D        | Found a shimmering blue altar of Sif Muna.
   124 | D        | Found a radiant altar of Vehumet.
   174 | D        | Found Sufe's Jewellery Emporium.
   174 | D        | Found an ancient bone altar of Kikubaaqudgha.
   174 | D        | Found a hazy altar of Hepliaklqana.
   174 | D        | Found a hide-covered altar of Uskayaw.
   174 | D        | Found a basalt altar of Yredelemnul.
   174 | D        | Found an opulent altar of Gozag.
   174 | D        | Found a snail-covered altar of Cheibriados.
   174 | D        | Found a sacrificial altar of Ru.
   174 | D        | Found a shadowy altar of Dithmenos.
   174 | D        | Noticed a yak
   179 | D        | Killed a yak
   180 | D        | Reached skill level 8 in Unarmed Combat
   180 | D        | Reached XP level 6. HP: 67/71 MP: 5/5
   184 | D        | Found a stormy altar of Qazlal.
   184 | D        | Found a blossoming altar of Fedhas.
   184 | D        | Found a bloodstained altar of Trog.
   184 | D        | Found an iron altar of Okawaru.
   184 | D        | Found a glowing golden altar of the Shining One.
   184 | D        | Found a glowing silver altar of Zin.
   184 | D        | Found a white marble altar of Elyvilon.
   185 | D        | Found a sparkling altar of Nemelex Xobeh.
   200 | D        | Found a burning altar of Makhleb.
   200 | D        | Found a viscous altar of Jiyva.
   200 | D        | Found a shimmering altar of Xom.
   200 | D        | Found a corrupted altar of Lugonu.
   200 | D        | Noticed a slime creature
   207 | D        | Killed a slime creature
   208 | D        | Reached skill level 9 in Unarmed Combat
   208 | D        | Reached XP level 7. HP: 78/79 MP: 6/6
   220 | D        | Noticed a kobold demonologist
   220 | D        | Noticed a kobold demonologist
   221 | D        | Paralysed by a floating eye for 3 turns
   227 | D        | Reached *** piety under Trog
   230 | D        | Noticed a sun demon
   231 | D        | Killed a kobold demonologist
   232 | D        | Reached skill level 10 in Unarmed Combat
   233 | D        | HP: 4/81 [white imp[a kobold demonologist] (2)]
   233 | D        | Slain by a white imp

Illustrated notes

Levels and vault maps discovered:
D:        dungeon_sprint_1 [red_sonja_temple_1, red_sonja_temple_small_1]

Skill      XL: |  1  2  3  4  5  6  7 |
---------------+----------------------+-----
Fighting       | 3 5 7 8 |  8.8
Dodging        | 3 5 7 8 |  8.7
Unarmed Combat | 4 6 8 9 10 | 10.4

Action                     |  1- 3 |  4- 6 |  7- 9 || total
---------------------------+-------+-------+-------++-------
  Melee: Unarmed           |    35 |    16 |     9 ||    60
         Punch             |       |     1 |     1 ||     2
  Evoke: Wand              |     1 |     5 |       ||     6
   Stab: Sleeping          |       |     1 |       ||     1
 Armour: Skin              |     7 |       |       ||     7
         Animal skin       |     8 |     6 |    10 ||    24
  Dodge: Dodged            |    21 |     8 |       ||    29

Table legend: (Time is in decaauts)
 A = Elapsed time spent in this place.
 B = Non-inter-level travel time spent in this place.
 C = Inter-level travel time spent in this place.
 D = Time resting spent in this place.
 E = Time spent auto-exploring this place.
 F = Levels seen in this place.
 G = Mean time per level.
                   A        B        C        D        E       F      G
               +--------+--------+--------+--------+--------+-----+--------+
         Total |    227 |    216 |     11 |     39 |     18 |   1 |  227.0 |
       Dungeon |    227 |    216 |     11 |     39 |     18 |   1 |  227.0 |
               +--------+--------+--------+--------+--------+-----+--------+

Top non-repeatable levels by time:
       D: 227 daAuts
